 Seeded DCSS version 0.28-a0-925-gd5e1996cdb (webtiles) character file.

Game seed: 20211126 (custom seed)

25074 a11behringer the Severer (level 13, -8/125 HPs)
             Began as a Hill Orc Monk on Nov 26, 2021.
             Was a High Priest of the Shining One.
             Mangled by a white very ugly thing (32 damage)
             ... on level 1 of the Abyss.
             The game lasted 00:35:47 (11750 turns).

a11behringer the Severer (Hill Orc Monk)           Turns: 11750, Time: 00:35:48

Health: -8/125     AC: 19    Str: 22      XL:     13   Next: 17%
Magic:  0/18       EV: 12    Int:  7 (8)  God:    the Shining One [*****.]
Gold:   272        SH:  0    Dex: 11      Spells: 12/12 levels left

rFire   . . .      SeeInvis .   e - +6 broad axe "Maxy" {flame, rPois Str+3 Int-2}
rCold   . . .      Faith    .   (no shield)
rNeg    + + +      Spirit   +   l - +0 plate armour
rPois   +          Reflect  .   (no helmet)
rElec   .          Harm     .   O - +0 cloak
rCorr   .          Rampage  .   (no gloves)
Will    .....                   T - +1 pair of boots
Stlth   ..........              r - amulet of guardian spirit
HPRegen 0.00/turn               k - +4 ring of evasion
MPRegen 0.16/turn               B - ring of positive energy

@: about to teleport, sick, glowing, studying Fighting, unable to read
A: clumsy 1, inability to read while threatened
a: Renounce Religion, Divine Shield, Cleansing Flame, Summon Divine Warrior


You were on level 1 of the Abyss.
You worshipped the Shining One.
The Shining One was extremely pleased with you.
You visited 1 branch of the dungeon, and saw 12 of its levels.
You visited the Abyss 1 time.

You collected 699 gold pieces.
You spent 427 gold pieces at shops.

Inventory:

Hand Weapons
 a - a +0 hand axe
 e - the +6 broad axe "Maxy" (weapon) {flame, rPois Str+3 Int-2}
   (You acquired it on level 6 of the Dungeon)

   It burns those it strikes, dealing additional fire damage.
   Big, fiery blades are also staple armaments of hydra-hunters.
   Str:       It affects your strength (+3).
   Int:       It affects your intelligence (-2).
   rPois:     It protects you from poison.
 v - a +0 shortbow
 D - the +4 executioner's axe "Vodd" {antimagic, Str+6 Int+2}
   (You acquired it on level 9 of the Dungeon)

   It reduces the magical energy of the wielder, and disrupts the spells and
   magical abilities of those it strikes.
   Natural abilities and divine invocations are not affected.
   Str:       It affects your strength (+6).
   Int:       It affects your intelligence (+2).
 E - a +1 battleaxe of freezing
 R - a +4 eveningstar of protection
Missiles
 i - 8 javelins (quivered)
 n - 15 boomerangs
 w - 200 arrows
 X - 5 boomerangs of dispersal
Armour
 b - a +0 robe
 d - a +0 ring mail
 l - a +0 plate armour (worn)
 t - the +0 chain mail of Lam Ras {rF+ Int+2}
   (You found it on level 5 of the Dungeon)

   Int:       It affects your intelligence (+2).
   rF:        It protects you from fire.
 F - a +0 troll leather armour
 O - a +0 cloak (worn)
 T - a +1 pair of boots (worn)
Jewellery
 k - a +4 ring of evasion (left hand)
 r - an amulet of guardian spirit (around neck)
 y - a ring of wizardry
 B - a ring of positive energy (right hand)
 H - a +4 ring of evasion
 N - a ring of fire
 Y - a ring of positive energy
Wands
 h - a wand of polymorph (7)
 m - a wand of charming (20)
 A - a wand of flame (44)
 I - a wand of acid (8)
 V - a wand of paralysis (6)
Scrolls
 c - 2 scrolls of blinking
 f - 2 scrolls of fear
 g - 2 scrolls of teleportation
 u - a scroll of brand weapon
 C - a scroll of enchant weapon {unknown}
 J - a scroll of amnesia
 K - a scroll of fog {unknown}
 M - 3 scrolls of enchant armour
 P - 2 scrolls of vulnerability
 S - a scroll of identify
Potions
 j - 4 potions of attraction
 o - 3 potions of brilliance
 p - 6 potions of curing
 q - 4 potions of heal wounds
 s - 2 potions of might
 x - a potion of magic {unknown}
 z - 2 potions of cancellation
 G - 3 potions of lignification {unknown}
 L - a potion of degeneration
 U - a potion of haste {unknown}
 W - a potion of mutation {unknown}
Miscellaneous
 Q - a lightning rod (4/4)


   Skills:
 + Level 14.5 Fighting
 * Level 20.4 Axes
 + Level 11.0 Armour
 - Level 3.0 Dodging
 - Level 1.5 Stealth
 + Level 2.2 Shields
 - Level 1.1 Unarmed Combat
 * Level 7.6 Invocations


You had 12 spell levels left.
You didn't know any spells.
Your spell library contained the following spells:

 Spells                   Type           Power      Damage    Failure   Level
 Beastly Appendage        Tmut           0%         N/A       99%         1
 Freeze                   Ice            0%         1d3       99%         1
 Ensorcelled Hibernation  Hex/Ice        0%         N/A       100%        2
 Passwall                 Tmut/Erth      0%         N/A       100%        2
 Wereblood                Tmut           0%         N/A       100%        2
 Frozen Ramparts          Ice            0%         1d2       100%        3
 Ignite Poison            Fire/Tmut/Pois 0%         N/A       100%        3
 Mephitic Cloud           Conj/Pois/Air  0%         N/A       100%        3
 Spider Form              Tmut/Pois      0%         N/A       100%        3
 Swiftness                Air            0%         N/A       100%        3
 Tukima's Dance           Hex            0%         N/A       100%        3
 Airstrike                Air            0%         N/A       100%        4
 Animate Dead             Necr           0%         N/A       100%        4
 Fulminant Prism          Conj/Hex       0%         3d6       100%        4
 Hailstorm                Conj/Ice       0%         3d3       100%        4
 Iskenderun's Mystic Bla  Conj/Tloc      0%         2d3       100%        4
 Passage of Golubria      Tloc           0%         N/A       100%        4
 Summon Lightning Spire   Summ/Air       0%         N/A       100%        4
 Freezing Cloud           Conj/Ice/Air   0%         6-21      100%        5
 Lee's Rapid Deconstruct  Erth           0%         3d5*      100%        5
 Lightning Bolt           Conj/Air       0%         1d11      100%        5
 Silence                  Hex/Air        0%         N/A       100%        5
 Haunt                    Necr/Summ      0%         N/A       100%        7
 Infestation              Necr           0%         N/A       100%        8
 Lehudib's Crystal Spear  Conj/Erth      0%         10d2      100%        8


Dungeon Overview and Level Annotations

Branches:
Dungeon (12/15)            Temple (0/1) D:7            Lair (0/6) D:11
    Orc (0/2) D:10

Altars:
Fedhas
Gozag
Okawaru
Ru
Trog
Uskayaw
Vehumet
Zin
The Shining One

Shops:
D:6 *   D:10 ?

Portals:
Abyss: D:3

Annotations:
D:3 1 transporter


Innate Abilities, Weirdness & Mutations

You are clumsy. (Dex -2)
You sometimes lose the ability to read scrolls when taking damage.


Message History

A small abomination comes into view.
The white very ugly thing basks in the mutagenic energy from its kin and changes!
A large abomination comes into view.
The neqoxec gestures at you.
Something tries to feed on your intellect!
An ancient zyme comes into view.
You feel yourself growing ill in the presence of the ancient zyme.
You feel ill.
A starcursed mass comes into view.
A starcursed mass splits.
A chorus of shrieks assaults your mind. A chorus of shrieks assaults your mind.
Tentacles burst from the starspawn's body! 2 starspawn tentacles come into view.
A starcursed mass comes into view.
A starcursed mass splits.
You hear a chilling moan.
A starcursed mass splits. x2
A shadow wraith comes into view.
Found 10 stones.
A starcursed mass splits.
A starcursed mass splits. x2
A starcursed mass splits.
The shadow wraith hits you but does no damage.
Found 13 stones.
As you read the scroll of teleportation, it crumbles to dust.
You feel strangely unstable.
You feel the power of the Abyss delaying your translocation!
You hit the white very ugly thing. You burn the white very ugly thing.
The white very ugly thing is lightly wounded.
You slash the white very ugly thing! You burn the white very ugly thing.
The white very ugly thing is lightly wounded.
The white very ugly thing pecks you! The white very ugly thing freezes you!!
You feel threatened and lose the ability to read scrolls!
* * * LOW HITPOINT WARNING * * *
You hit the white very ugly thing but do no damage.
The white very ugly thing is lightly wounded.
The white very ugly thing pecks you!
* * * LOW HITPOINT WARNING * * *
The white very ugly thing freezes you!!!
You die...

. .# (. #.# #.###
##.#@# ##..#u# #
.#.W# . #..X###
## #..X.##
....#..##.#######
#....h#...XX# X
.ยง#.
.....x......X.X.
.... .#...
.#.....# ....#


You could see 2 starcursed masses, a white very ugly thing, a shadow wraith
(invisible), a raiju and a small abomination.

Vanquished Creatures
  Kirke (D:12)
  Gastronok (D:12)
  A great orb of eyes (Abyss:1)
  3 hydras
  4 two-headed ogres
  Urug (D:11)
  A wretched star (Abyss:1)
  A deep elf pyromancer (D:12)
  An ugly thing (D:11)
  A manticore (D:12)
  A worldbinder (Abyss:1)
  3 cyclopes (D:12)
  A will-o-the-wisp (Abyss:1)
  A toenail golem (D:3)
  2 centaur zombies (D:10)
  An unseen horror (D:10)
  2 komodo dragons
  A tengu conjurer (D:10)
  A troll (D:9)
  Grinder (D:3)
  A raiju (Abyss:1)
  6 slime creatures (D:12)
  3 small abominations
  The ghost of mantisjm the Grave Robber, an amateur VSNe (D:3)
  3 flying skulls (Abyss:1)
  4 wraiths
  13 yaks
  7 hogs (D:12)
  A steam dragon (D:8)
  8 vampire mosquitoes
  A basilisk (D:9)
  4 wargs (D:10)
  A water moccasin (D:7)
  A black bear (D:11)
  4 orc warriors
  A sky beast (D:5)
  2 necrophages
  2 ogres
  9 centaurs
  A phantom (D:7)
  A kobold brigand (D:8)
  3 bullfrogs
  3 scorpions
  2 gnoll sergeants
  A water moccasin skeleton (D:5)
  9 killer bees
  8 wights
  3 howler monkeys (D:8)
  6 orc priests
  A quasit (D:3)
  A jelly (D:5)
  5 hounds
  2 bullfrog skeletons
  An iguana (D:7)
  6 orc wizards
  A killer bee zombie (D:5)
  2 hound skeletons (D:4)
  A howler monkey zombie (D:6)
  10 gnolls
  12 adders
  A shadow imp (D:8)
  A white imp (D:5)
  An ufetubus (D:5)
  A worm (D:2)
  A dart slug (D:3)
  24 orcs
  2 ball pythons
  5 bats
  6 endoplasms
  A giant cockroach (D:3)
  3 goblins
  9 hobgoblins
  9 kobolds
  A rat (D:3)
245 creatures vanquished.

Vanquished Creatures (others)
  A flying skull (Abyss:1)
  13 fungi (D:11)
  12 plants (D:11)
  4 starspawn tentacles (Abyss:1)
30 creatures vanquished.

Grand Total: 275 creatures vanquished

Notes
Turn   | Place    | Note
-------+----------+-------------------------------------------
     0 | D:1      | a11behringer the Hill Orc Monk began the quest for the Orb.
     0 | D:1      | Reached XP level 1. HP: 19/19 MP: 1/1
   256 | D:2      | Reached XP level 2. HP: 16/27 MP: 2/2
   449 | D:2      | Found a glowing golden altar of the Shining One.
   467 | D:2      | Became a worshipper of the Shining One
   467 | D:2      | Reached * piety under the Shining One
   467 | D:2      | Reached ** piety under the Shining One
   523 | D:2      | Reached skill level 5 in Axes
   523 | D:2      | Reached XP level 3. HP: 33/33 MP: 3/3
   789 | D:1      | Found a faded altar of an unknown god.
  1080 | D:3      | Reached XP level 4. HP: 40/40 MP: 4/4
  1310 | D:3      | Reached skill level 6 in Axes
  1359 | D:3      | Found a transporter.
  1364 | D:3      | Noticed a toenail golem
  1369 | D:3      | Found a transporter.
  1371 | D:3      | Found a one-way gate to the infinite horrors of the Abyss.
  1371 | D:3      | Noticed mantisjm's ghost (amateur VSNe)
  1384 | D:3      | Noticed a small abomination
  1384 | D:3      | Noticed a small abomination
  1505 | D:3      | Noticed Grinder
  1511 | D:3      | Paralysed by Grinder for 2 turns
  1539 | D:3      | Paralysed by Grinder for 5 turns
  1545 | D:3      | Killed Grinder
  1546 | D:3      | Reached skill level 7 in Axes
  1546 | D:3      | Reached skill level 1 in Armour
  1546 | D:3      | Reached skill level 1 in Shields
  1546 | D:3      | Reached XP level 5. HP: 6/47 MP: 3/5
  1546 | D:3      | Reached XP level 6. HP: 7/53 MP: 3/6
  1970 | D:4      | Reached skill level 8 in Axes
  2327 | D:4      | Reached XP level 7. HP: 60/60 MP: 7/7
  2394 | D:4      | Reached skill level 5 in Fighting
  2646 | D:5      | Entered Level 5 of the Dungeon
  2667 | D:5      | Reached skill level 9 in Axes
  2680 | D:5      | HP: 3/61 [gnoll sergeant (1)]
  2684 | D:5      | HP: 1/61 [gnoll sergeant (2)]
  3256 | D:5      | Reached skill level 10 in Axes
  3282 | D:5      | Found a sacrificial altar of Ru.
  3542 | D:5      | Reached XP level 8. HP: 63/68 MP: 8/8
  3565 | D:5      | Reached skill level 1 in Invocations
  3648 | D:5      | Found an iron altar of Okawaru.
  3657 | D:5      | Identified the +0 chain mail of Lam Ras {rF+ Int+2}
  3830 | D:6      | Identified 3 scrolls of acquirement
  3830 | D:6      | Acquired the +6 broad axe "Maxy" {flame, rPois Str+3 Int-2}
  3834 | D:6      | Noticed a wraith
  3844 | D:6      | Killed a wraith
  3845 | D:6      | Reached skill level 11 in Axes
  4026 | D:6      | Found a hide-covered altar of Uskayaw.
  4117 | D:6      | Found a glowing silver altar of Zin.
  4118 | D:6      | Found Zin's Purification Station.
  4559 | D:6      | Found a bloodstained altar of Trog.
  4689 | D:7      | Reached skill level 12 in Axes
  4773 | D:7      | Reached XP level 9. HP: 67/75 MP: 9/9
  4909 | D:7      | Found a staircase to the Ecumenical Temple.
  5079 | D:7      | Acquired a manual of Fighting
  5203 | D:7      | Reached skill level 5 in Armour
  5388 | D:7      | Found a blossoming altar of Fedhas.
  5589 | D:8      | Noticed an eight-headed hydra
  5593 | D:8      | Killed a four-headed hydra
  5594 | D:8      | Reached skill level 13 in Axes
  5607 | D:8      | Reached *** piety under the Shining One
  5614 | D:8      | Reached skill level 14 in Axes
  5617 | D:8      | Reached XP level 10. HP: 46/88 MP: 9/11
  6289 | D:8      | Found an opulent altar of Gozag.
  6432 | D:9      | Found a radiant altar of Vehumet.
  6480 | D:9      | Reached skill level 15 in Axes
  7020 | D:9      | Acquired the +4 executioner's axe "Vodd" {antimagic, Str+6
                  | Int+2}
  7123 | D:9      | Reached skill level 16 in Axes
  7214 | D:10     | Entered Level 10 of the Dungeon
  7221 | D:10     | Reached **** piety under the Shining One
  7222 | D:10     | Noticed a two-headed ogre
  7232 | D:10     | Killed a two-headed ogre
  7233 | D:10     | Reached XP level 11. HP: 52/99 MP: 12/12
  7235 | D:10     | Reached skill level 10 in Fighting
  7242 | D:10     | Reached skill level 17 in Axes
  7668 | D:10     | Found Qeulanat's Magic Scroll Emporium.
  7675 | D:10     | Bought a scroll of enchant armour for 97 gold pieces
  7675 | D:10     | Bought a scroll of enchant armour for 97 gold pieces
  7675 | D:10     | Bought a scroll of enchant armour for 97 gold pieces
  7675 | D:10     | Bought a scroll of blinking for 97 gold pieces
  7675 | D:10     | Bought a scroll of teleportation for 39 gold pieces
  7708 | D:10     | Found a staircase to the Orcish Mines.
  8175 | D:11     | Noticed a white ugly thing
  8185 | D:11     | Killed a white ugly thing
  8344 | D:11     | Noticed a two-headed ogre
  8353 | D:11     | Killed a two-headed ogre
  8354 | D:11     | Reached skill level 18 in Axes
  8708 | D:11     | Noticed a two-headed ogre
  8712 | D:11     | Reached ***** piety under the Shining One
  8714 | D:11     | Killed a two-headed ogre
  8860 | D:11     | Found a staircase to the Lair.
  8897 | D:11     | Noticed Urug
  8908 | D:11     | Killed Urug
  9207 | D:11     | Reached XP level 12. HP: 111/111 MP: 15/15
  9246 | D:11     | Acquired an amulet of guardian spirit
  9967 | D:12     | Noticed Kirke
  9973 | D:12     | Reached skill level 10 in Armour
  9978 | D:12     | Reached skill level 19 in Axes
  9980 | D:12     | Reached skill level 5 in Invocations
  9994 | D:12     | Killed Kirke
 10324 | D:12     | Noticed a five-headed hydra
 10325 | D:12     | Noticed a death knight
 10329 | D:12     | Killed a two-headed hydra
 10337 | D:12     | Noticed a boulder beetle
 10509 | D:12     | Noticed a deep elf high priest
 10610 | D:12     | Noticed Gastronok
 10610 | D:12     | Noticed a six-headed hydra
 10624 | D:12     | Killed a two-headed hydra
 10625 | D:12     | Reached skill level 1 in Unarmed Combat
 10626 | D:12     | Killed Gastronok
 11132 | D:12     | Noticed a two-headed ogre
 11137 | D:12     | Killed a two-headed ogre
 11526 | D:3      | Reached skill level 20 in Axes
 11538 | D:3      | Killed mantisjm's ghost
 11546 | D:3      | Reached XP level 13. HP: 124/124 MP: 18/18
 11569 | D:3      | Voluntarily entered the Abyss.
 11628 | Abyss:1  | Noticed a great orb of eyes
 11636 | Abyss:1  | Killed a great orb of eyes
 11666 | Abyss:1  | Noticed a bone dragon
 11675 | Abyss:1  | Noticed a green very ugly thing
 11676 | Abyss:1  | Noticed a green very ugly thing
 11676 | Abyss:1  | Noticed a green very ugly thing
 11685 | Abyss:1  | Gained mutation: You are clumsy. (Dex -2) [a neqoxec]
 11689 | Abyss:1  | Gained mutation: You are frail. (-10% HP) [a neqoxec]
 11690 | Abyss:1  | Lost mutation: You are frail. (-10% HP) [a neqoxec]
 11720 | Abyss:1  | Gained mutation: You sometimes lose the ability to read
                  | scrolls when taking damage. [a neqoxec]
 11734 | Abyss:1  | Noticed a tentacled starspawn
 11734 | Abyss:1  | Noticed a starcursed mass
 11736 | Abyss:1  | Noticed a starcursed mass
 11750 | Abyss:1  | Mangled by a white very ugly thing

Illustrated notes

Levels and vault maps discovered:
D:1:      dpeg_arrival_tiny_f, layout_rooms,
          hellmonk_ecumenical_altar_crossroads, interstate_on_off,
          due_unseen_surprise
D:2:      layout_loops_ring, basic_altar, minmay_fountain_box
D:3:      layout_basic, gammafunk_ghost_abyssal_escape, uniq_robin, uniq_grinder
D:4:      layout_gridville, xom_butterflies, mainiacjoe_overflow_alcove_2
D:5:      layout_cave_pools, okawaru_metal_pillars_1_2,
          nicolae_ru_the_path_less_chosen
D:6:      layout_basic, amcnicky_altar_gilded, zin_purify, lemuel_doored_altar
D:7:      layout_basic, fedhas_altar_4, minmay_temple_entry_glass
D:8:      layout_loops_ring, kennysheep_little_box
D:9:      layout_basic, lemuel_coloured_pillars_altar, minivault_1,
          minivault_25_ag
D:10:     layout_roguey, minmay_orc_entry_guard_dogs, serial_shops,
          nicolae_stop_n_shop_2, chequers_serial_rivers_room_b, grunt_potential
D:11:     layout_loops_ring, grunt_lair_entry_orc_guard_hut, uniq_urug
D:12:     layout_basic, onia_ninara_dug_in_and_dangerous, uniq_gastronok,
          uniq_kirke
Abyss:1:  base: D:11, evilmike_abyss_exit_7

Skill      XL: |  1  2  3  4  5  6  7  8  9 10 11 12 13 |
---------------+----------------------------------------+-----
Fighting       | 4 5 7 9 11 14 | 14.5
Axes           | 5 7 8 10 12 14 16 18 20 | 20.4
Armour         | 1 2 4 6 8 9 10 11 | 11.0
Shields        | 1 2 |  2.2
Dodging        | 3 |  3.0
Invocations    | 1 4 7 |  7.6
Unarmed Combat | 1 |  1.1
Stealth        | |  1.5

Action                   |  1- 3 |  4- 6 |  7- 9 | 10-12 | 13-15 || total
-------------------------+-------+-------+-------+-------+-------++-------
Melee: Hand axe          |    86 |    98 |   148 |       |       ||   332
       Broad axe         |       |       |    59 |   308 |    33 ||   400
       Unarmed           |       |       |       |     7 |       ||     7
Invok: Divine Shield     |       |     1 |     2 |     1 |       ||     4
  Use: Scroll            |       |       |    10 |    10 |     1 ||    21
       Potion            |       |       |       |     2 |       ||     2
 Stab: Sleeping          |     1 |       |       |       |       ||     1
Armor: Ring mail         |    19 |     8 |       |       |       ||    27
       Robe              |     1 |       |       |       |       ||     1
       Plate armour      |       |    18 |    94 |   128 |    15 ||   255
Dodge: Dodged            |    44 |    47 |   106 |   196 |    20 ||   413
Block: Other             |       |     4 |    11 |     3 |       ||    18

Table legend: (Time is in decaauts)
 A = Elapsed time spent in this place.
 B = Non-inter-level travel time spent in this place.
 C = Inter-level travel time spent in this place.
 D = Time resting spent in this place.
 E = Time spent auto-exploring this place.
 F = Levels seen in this place.
 G = Mean time per level.
                   A        B        C        D        E       F      G
               +--------+--------+--------+--------+--------+-----+--------+
         Total |  11722 |  10068 |   1654 |      0 |   8520 |  13 |  901.7 |
       Dungeon |  11550 |   9896 |   1654 |      0 |   8520 |  12 |  962.5 |
         Abyss |    171 |    171 |      0 |      0 |      0 |   1 |  171.0 |
               +--------+--------+--------+--------+--------+-----+--------+

Top non-repeatable levels by time:
    D:12: 1816 daAuts
    D:11: 1365 daAuts
     D:5: 1153 daAuts
     D:3: 952 daAuts
    D:10: 936 daAuts
     D:7: 925 daAuts
     D:6: 895 daAuts
     D:9: 870 daAuts
     D:8: 785 daAuts
     D:4: 768 daAuts
     D:1: 623 daAuts
     D:2: 457 daAuts
 Abyss:1: 171 daAuts
